 Dungeon Crawl Stone Soup version 0.30-a0-12-gd8047c6341 (webtiles) character file.

Game seed: 15126211353976322537

30 IdlyInterested the Stinger (level 3, -1/27 HPs)
             Began as a Demonspawn Wanderer on Aug 23, 2022.
             Slain by Sigmund
             ... wielding a +0 scythe
              (9 damage)
             ... on level 2 of the Dungeon.
             The game lasted 00:04:44 (1727 turns).

IdlyInterested the Stinger (Demonspawn Wanderer)    Turns: 1727, Time: 00:04:44

Health: -1/27      AC:  5    Str: 14    XL:     3   Next: 5%
Magic:  4/4        EV: 10    Int: 11    God:
Gold:   67         SH:  4    Dex: 14    Spells: 3/4 levels left

rFire   . . .      SeeInvis .    f - +0 mace
rCold   . . .      Faith    .    b - +0 buckler
rNeg    . . .      Spirit   .    h - +0 ring mail
rPois   .          Reflect  .    (helmet restricted)
rElec   .          Harm     .    (no cloak)
rCorr   .          Rampage  .    (no gloves)
Will    .....                    (no boots)
Stlth   +.........               (no amulet)
HPRegen 0.09/turn                (no ring)
MPRegen 0.09/turn                (no ring)

@: no status effects
A: horns 1
a: no special abilities


You were on level 2 of the Dungeon.
You visited 1 branch of the dungeon, and saw 2 of its levels.

You collected 95 gold pieces.
You spent 28 gold pieces at shops.

Inventory:

Hand Weapons
 a - a +0 short sword
 f - a +0 mace (weapon)
Missiles
 i - 22 stones
 m - 3 atropa-tipped darts
Armour
 b - a +0 buckler (worn)
 d - a +0 leather armour
 h - a +0 ring mail (worn)
Scrolls
 c - a scroll of fear
 e - a scroll of poison {unknown}
 j - a scroll of teleportation {unknown}
 l - 2 scrolls of identify {unknown}
 n - a scroll of immolation {unknown}
 o - a scroll of magic mapping {unknown}
Potions
 g - 2 potions of resistance {unknown}
 k - a potion of magic {unknown}


   Skills:
 + Level 1.6 Fighting
 - Level 1.0 Short Blades
 * Level 1.2 Maces & Flails
 * Level 1.3 Armour
 - Level 1.0 Dodging
 - Level 2.6 Shields
 - Level 1.0 Spellcasting
 - Level 3.0 Poison Magic


You had 3 spell levels left.
You knew the following spells:

 Your Spells              Type           Power      Damage    Failure   Level
a - Sting                 Tmut/Pois      12%        1d3       43%         1

Your spell library contained the following spells:

 Spells                   Type           Power      Damage    Failure   Level
 Ignite Poison            Fire/Tmut/Pois 2%         N/A       86%         3
 Mephitic Cloud           Conj/Pois/Air  2%         N/A       86%         3
 Corpse Rot               Necr/Pois/Air  2%         N/A       99%         4
 Freezing Cloud           Conj/Ice/Air   0%         6-21      100%        5


Dungeon Overview and Level Annotations

Branches:
Dungeon (2/15)

Altars:

Shops:
D:1 *:

Annotations:
D:2 Sigmund


Innate Abilities, Weirdness & Mutations

You have a pair of small horns on your head.


Message History

The frilled lizard is heavily wounded.
The frilled lizard bites you but does no damage.
A rat comes into view.
You block the frilled lizard's attack.
You hit the frilled lizard.
You kill the frilled lizard!
Sigmund the Dreaded comes into view.
He is wielding a +0 scythe and carrying a wand of flame (3).
You see here a frilled lizard corpse.
The rat twitches its whiskers.
The rat bites you.
You hit the rat.
The rat is moderately wounded.
The rat barely misses you.
You hit the rat but do no damage.
The rat is moderately wounded.
The rat bites you but does no damage. The rat barely misses you.
You hit the rat.
You kill the rat!
Sigmund zaps a wand.
The puff of flame hits you!
Sigmund zaps a wand.
The puff of flame misses you.
You see here a frilled lizard corpse.
Throw: 4 darts (atropa)
Press: ? - help, Shift-Dir - straight line, f - Sigmund
Aim: Sigmund, wielding a +0 scythe, wearing a +0 robe and carrying a wand of flame (1) (53% to hit, chance to blind on hit: 75%)
You throw an atropa-tipped dart. The atropa-tipped dart hits Sigmund.
Sigmund appears confused.
Sigmund seems less confused.
Sigmund closely misses you.
You closely miss Sigmund.
Sigmund gestures wildly while chanting.
Sigmund flickers and vanishes!
Deactivating autopickup; reactivate with Ctrl-A.
You closely miss something.
You hear a zap.
A puff of flame appears from out of thin air!
The puff of flame hits you!
* * * LOW HITPOINT WARNING * * *
The now-empty wand crumbles to dust.
You block something's attack.
Okay, then.
You barely miss something. You headbutt something. Something hits you!
You die...

## #. ... ##. ... #.. ....
##.. ..... ...###.... ###
#${#..# ...###@(.#
#.#..†### ###.†.#.###
.....)...?..# #
............# .#
.........†..# .#..
............######### ...
....................##.###
............#######.#.....


There were no monsters in sight!

Vanquished Creatures
  A dart slug (D:1)
  5 endoplasms
  A giant cockroach (D:1)
  2 goblins
  4 hobgoblins (D:1)
  2 kobolds
  2 ball pythons
  5 bats
  2 frilled lizards
  A rat (D:2)
25 creatures vanquished.

Vanquished Creatures (others)
  A demonic plant (D:2)
  3 fungi (D:2)
  A plant (D:2)
5 creatures vanquished.

Grand Total: 30 creatures vanquished

Notes
Turn   | Place    | Note
-------+----------+-------------------------------------------
     0 | D:1      | IdlyInterested the Demonspawn Wanderer began the quest for
                  | the Orb.
     0 | D:1      | IdlyInterested set off with the following items: a +0 short
                  | sword, a +0 buckler, a scroll of fear, a +0 leather armour;
                  | and the following spell memorised: Sting; and the following
                  | spells available to memorise: Mephitic Cloud, Corpse Rot.
     0 | D:1      | Reached XP level 1. HP: 15/15 MP: 2/2
    27 | D:1      | Found Yviaprof's Assorted Antiques.
   348 | D:1      | Found Gosecy's Vocational Training.
   425 | D:1      | Discovered your monstrous ancestry.
   425 | D:1      | Gained mutation: You have a pair of small horns on your
                  | head. [demonic ancestry]
   425 | D:1      | Reached XP level 2. HP: 14/21 MP: 3/3
   640 | D:1      | Reached skill level 1 in Armour
   948 | D:1      | Reached skill level 1 in Maces & Flails
  1281 | D:1      | Bought a scroll labelled UPIUB HATIM for 28 gold pieces
  1709 | D:2      | Reached XP level 3. HP: 26/26 MP: 4/4
  1715 | D:2      | Noticed Sigmund
  1727 | D:2      | Slain by Sigmund

Illustrated notes

Levels and vault maps discovered:
D:1:      lightli_arrival_maybe_door_vault, layout_loops_corners, serial_shops,
          shop_fountains, nicolae_shop_vocational
D:2:      layout_basic, shapermc_ecumenical_altar_gd, serial_shops,
          nicolae_square_shop, minmay_pentomino_r2, uniq_crazy_yiuf_cottage,
          uniq_sigmund

Skill      XL: |  1  2 |
---------------+-------+-----
Armour         | 1 |  1.3
Maces & Flails | 1 |  1.2
Fighting       | |  1.6
Short Blades   | |  1.0
Dodging        | |  1.0
Shields        | |  2.6
Spellcasting   | |  1.0
Poison Magic   | |  3.0

Action                   || total
-------------------------++-------
Melee: Mace              ||    60
       Short sword       ||    12
       Headbutt          ||     6
Throw: Dart              ||     1
Armor: Leather armour    ||    11
       Ring mail         ||    23
Dodge: Dodged            ||    49
Block: Buckler           ||    12

Table legend: (Time is in decaauts)
 A = Elapsed time spent in this place.
 B = Non-inter-level travel time spent in this place.
 C = Inter-level travel time spent in this place.
 D = Time resting spent in this place.
 E = Time spent auto-exploring this place.
 F = Levels seen in this place.
 G = Mean time per level.
                   A        B        C        D        E       F      G
               +--------+--------+--------+--------+--------+-----+--------+
         Total |   1752 |   1650 |    102 |    228 |   1064 |   2 |  876.0 |
       Dungeon |   1752 |   1650 |    102 |    228 |   1064 |   2 |  876.0 |
               +--------+--------+--------+--------+--------+-----+--------+

Top non-repeatable levels by time:
     D:1: 1378 daAuts
     D:2: 374 daAuts
